 Dungeon Sprint DCSS version 0.29-a0-653-gd47aff6735 (webtiles) character file.

Game seed: 4514208929115272072

4397 purpskrrrp the Warrior (level 10, 0/130 HPs)
             Began as an Ogre Berserker on June 22, 2022.
             Was an Elder of Trog.
             Slain by Sonja
             ... wielding a +2 short sword of distortion
              (2 damage)
             ... in the Dungeon (Sprint I: "Red Sonja").
             The game lasted 00:15:16 (1752 turns).

purpskrrrp the Warrior (Ogre Berserker)             Turns: 1752, Time: 00:15:17

Health: 0/130      AC:  4    Str: 27    XL:     10   Next: 35%
Magic:  10/10      EV: 12    Int:  8    God:    Trog [****..]
Gold:   603        SH:  0    Dex:  8    Spells: 9/9 levels left

rFire   + . .      SeeInvis .   k - +1 giant spiked club
rCold   . . .      Faith    .   (shield currently unavailable)
rNeg    . . .      Spirit   .   b - +0 animal skin
rPois   .          Reflect  .   (helmet restricted)
rElec   .          Harm     .   l - +0 cloak
rCorr   .          Rampage  .   (gloves unavailable)
Will    +....      NoTele   +   (boots unavailable)
Stlth   +.........              (no amulet)
HPRegen 0.31/turn               m - ring of protection from fire
MPRegen 0.12/turn               (no ring)

@: on berserk cooldown, hasted and slowed
A: large, unfitting armour, tough skin 1
a: Renounce Religion, Berserk, Trog's Hand, Brothers in Arms


You were in the Dungeon.
You worshipped Trog.
Trog was greatly pleased with you.
You visited 1 branch You collected 1065 gold pieces.
You spent 462 gold pieces at shops.

Inventory:

Hand Weapons
 a - a +0 hand axe
 j - a +4 dagger of venom
 k - a +1 giant spiked club (weapon)
Armour
 b - a +0 animal skin (worn)
 l - a +0 cloak (worn)
Jewellery
 m - a ring of protection from fire (left hand)
Wands
 i - a wand of digging (7) (quivered)
Scrolls
 n - a scroll of identify {unknown}
Potions
 c - a potion of flight {unknown}
 d - a potion of lignification
 f - 2 potions of magic
 g - a potion of berserk rage
 h - a potion of curing


   Skills:
 + Level 16.8 Fighting
 + Level 3.4 Short Blades
 + Level 9.9(12.7) Axes
 + Level 11.7(13.0) Maces & Flails
 + Level 11.8 Dodging
 + Level 0.3 Stealth
 + Level 0.1 Evocations


You had 9 spell levels left.
You didn't know any spells.
Your spell library was empty.

Dungeon Overview and Level Annotations

Branches:
Dungeon (1/1)

Altars:
Cheibriados
Dithmenos
Elyvilon
Fedhas
Gozag
Hepliaklqana
Kikubaaqudgha
Makhleb
Nemelex Xobeh
Okawaru
Qazlal
Ru
Sif Muna
Trog
Uskayaw
Vehumet
Wu Jian
Xom
Yredelemnul
Zin
The Shining One
Jiyva
Lugonu

Shops:
D *[

Annotations:
D Sonja


Innate Abilities, Weirdness & Mutations

You are too large for most types of armour.
You have tough skin. (AC +1)


Message History

Sonja hits you with a +2 short sword of distortion.
You closely miss Sonja.
Sonja is lightly wounded.
You feel sick. Sonja closely misses you.
Sonja hits you with a +2 short sword of distortion.
Sonja closely misses you. Sonja hits you but does no damage. x2
Space warps around you.
Sonja hits you with a +2 short sword of distortion!
You barely miss Sonja.
Sonja is lightly wounded.
You feel sick. Sonja barely misses you.
Sonja hits you with a +2 short sword of distortion.
Space warps around you. Sonja barely misses you.
Sonja hits you with a +2 short sword of distortion.
Space warps around you. Sonja closely misses you.
Sonja hits you with a +2 short sword of distortion.
Space warps horribly around you!
* * * LOW HITPOINT WARNING * * *
Sonja hits you with a +2 short sword of distortion.
* * * LOW HITPOINT WARNING * * *
Space warps around you.
* * * LOW HITPOINT WARNING * * *
Sonja closely misses you. x2
You feel yourself speed up.
You feel sick.
You are no longer poisoned.
Sonja hits you with a +2 short sword of distortion.
* * * LOW HITPOINT WARNING * * *
Space warps around you.
* * * LOW HITPOINT WARNING * * *
Sonja hits you with a +2 short sword of distortion!
* * * LOW HITPOINT WARNING * * *
Sonja hits you with a +2 short sword of distortion.
* * * LOW HITPOINT WARNING * * *
Sonja hits you with a +2 short sword of distortion.
* * * LOW HITPOINT WARNING * * *
Space warps around you.
* * * LOW HITPOINT WARNING * * *
Sonja closely misses you. Sonja hits you but does no damage.
Space warps around you.
You die...

.#.###'#####)#__####...'..#
.#.##..#...#[####§.#####°.+
.#__####..##§#§≈§.§#.. ##
.._____##'#_.'≈≈≈§§'..
⌠._.∩...'...§#§§≈.§#
#._..__##_.#'##§####
.#_____###'#.#§.§§#
##########.####'###.##
+...'...@K'.∩#
#...########## ##


You could see Sonja.

Vanquished Creatures
  2 centaur warriors (D)
  A deep troll (D)
  A gargoyle (D)
  2 kobold demonologists (D)
  4 demonic crawlers (D)
  A hornet (D)
  A slime creature (D)
  Sigmund (D)
  A yak (D)
  A floating eye (D)
  An ogre (D)
  A jelly (D)
  Ijyb (D)
  A ballistomycete spore (D)
19 creatures vanquished.

Vanquished Creatures (others)
  A ballistomycete spore (D)
1 creature vanquished.

Grand Total: 20 creatures vanquished

Notes
Turn   | Place    | Note
-------+----------+-------------------------------------------
     0 | D        | purpskrrrp the Ogre Berserker began the quest for the Orb.
     0 | D        | Reached XP level 1. HP: 24/24 MP: 1/1
     1 | D        | Noticed Ijyb
     5 | D        | Killed Ijyb
     6 | D        | Reached skill level 5 in Fighting
     6 | D        | Reached XP level 2. HP: 36/36 MP: 2/2
     6 | D        | Reached XP level 3. HP: 44/44 MP: 3/3
   153 | D        | Found a white marble altar of Elyvilon.
   153 | D        | Found a glowing golden altar of the Shining One.
   153 | D        | Found an ancient bone altar of Kikubaaqudgha.
   153 | D        | Found a basalt altar of Yredelemnul.
   154 | D        | Found a shadowy altar of Dithmenos.
   155 | D        | Found a glowing silver altar of Zin.
   155 | D        | Found an iron altar of Okawaru.
   155 | D        | Found a bloodstained altar of Trog.
   155 | D        | Found Iloiptui's General Store.
   155 | D        | Found a hide-covered altar of Uskayaw.
   155 | D        | Found a hazy altar of Hepliaklqana.
   155 | D        | Found a sacrificial altar of Ru.
   155 | D        | Found a snail-covered altar of Cheibriados.
   155 | D        | Found an opulent altar of Gozag.
   155 | D        | Found a sparkling altar of Nemelex Xobeh.
   156 | D        | Found a blossoming altar of Fedhas.
   156 | D        | Noticed a yak
   157 | D        | Found a stormy altar of Qazlal.
   167 | D        | Killed a yak
   168 | D        | Reached skill level 9 in Fighting
   168 | D        | Reached skill level 1 in Short Blades
   168 | D        | Reached XP level 4. HP: 41/59 MP: 4/4
   168 | D        | Reached XP level 5. HP: 47/67 MP: 5/5
   340 | D        | Noticed an ogre
   344 | D        | Killed an ogre
   345 | D        | Reached skill level 10 in Fighting
   345 | D        | Reached XP level 6. HP: 78/78 MP: 6/6
   434 | D        | Found a shimmering blue altar of Sif Muna.
   434 | D        | Found a radiant altar of Vehumet.
   434 | D        | Found an ornate altar of the Wu Jian Council.
   438 | D        | Reached ** piety under Trog
   478 | D        | Noticed Sigmund
   507 | D        | Killed Sigmund
   508 | D        | Reached skill level 11 in Fighting
   508 | D        | Reached XP level 7. HP: 33/88 MP: 7/7
   852 | D        | Found a viscous altar of Jiyva.
   852 | D        | Found a corrupted altar of Lugonu.
   852 | D        | Noticed a slime creature
   853 | D        | Found a burning altar of Makhleb.
   853 | D        | Found a shimmering altar of Xom.
   858 | D        | Killed a slime creature
   859 | D        | Reached skill level 12 in Fighting
   952 | D        | Bought 2 potions of lignification for 72 gold pieces
   952 | D        | Bought a ring of protection from fire for 300 gold pieces
   952 | D        | Bought a scroll of enchant weapon for 90 gold pieces
   971 | D        | Noticed a kobold demonologist
   971 | D        | Noticed a kobold demonologist
   981 | D        | Killed a kobold demonologist
   981 | D        | Reached *** piety under Trog
   982 | D        | Reached skill level 13 in Fighting
   982 | D        | Reached XP level 8. HP: 102/102 MP: 8/8
   984 | D        | Killed a kobold demonologist
   985 | D        | Reached skill level 5 in Maces & Flails
  1050 | D        | Noticed a demonic crawler
  1050 | D        | Noticed a demonic crawler
  1050 | D        | Noticed a demonic crawler
  1050 | D        | Noticed a demonic crawler
  1055 | D        | Noticed a gargoyle
  1056 | D        | Killed a demonic crawler
  1056 | D        | Reached **** piety under Trog
  1062 | D        | Killed a demonic crawler
  1063 | D        | Reached skill level 14 in Fighting
  1063 | D        | Reached skill level 10 in Dodging
  1063 | D        | Reached XP level 9. HP: 113/113 MP: 9/9
  1066 | D        | Killed a demonic crawler
  1074 | D        | Killed a demonic crawler
  1075 | D        | Killed a gargoyle
  1076 | D        | Reached skill level 15 in Fighting
  1172 | D        | Noticed a centaur warrior
  1184 | D        | Killed a centaur warrior
  1185 | D        | Reached skill level 10 in Maces & Flails
  1334 | D        | Noticed a centaur warrior
  1345 | D        | Killed a centaur warrior
  1346 | D        | Reached skill level 16 in Fighting
  1346 | D        | Reached XP level 10. HP: 84/127 MP: 10/10
  1606 | D        | Noticed a deep troll
  1614 | D        | Killed a deep troll
  1740 | D        | Found Fyeqyeg's Armour Emporium.
  1740 | D        | Noticed Sonja
  1752 | D        | HP: 2/130 [Sonja/+2 short sword of distortion (5)]
  1752 | D        | Slain by Sonja

Illustrated notes

Levels and vault maps discovered:
D:        dungeon_sprint_1 [red_sonja_temple_1, red_sonja_temple_small_1]

Skill      XL: |  1  2  3  4  5  6  7  8  9 10 |
---------------+-------------------------------+-----
Fighting       | 5 9 10 11 13 14 16 | 16.8
Axes           | 4 6 7 8 9 |  9.9
Dodging        | 4 6 8 9 10 11 | 11.8
Short Blades   | 1 2 3 |  3.4
Maces & Flails | 2 4 7 10 11 | 11.7
Stealth        | |  0.3
Evocations     | |  0.1

Action                   |  1- 3 |  4- 6 |  7- 9 | 10-12 || total
-------------------------+-------+-------+-------+-------++-------
Melee: Hand axe          |     3 |       |       |       ||     3
       Dagger            |     8 |     3 |       |       ||    11
       Giant spiked club |       |    18 |    42 |    10 ||    70
Invok: Berserk           |     2 |     2 |     5 |     2 ||    11
       Brothers in Arms  |       |       |     1 |       ||     1
Evoke: Wand              |     1 |       |       |     1 ||     2
  Use: Potion            |       |     1 |     2 |     1 ||     4
       Scroll            |       |       |     2 |       ||     2
Armor: Animal skin       |       |     5 |     2 |     4 ||    11
       Skin              |       |       |    61 |       ||    61
Dodge: Dodged            |     1 |     5 |    19 |    13 ||    38

Table legend: (Time is in decaauts)
 A = Elapsed time spent in this place.
 B = Non-inter-level travel time spent in this place.
 C = Inter-level travel time spent in this place.
 D = Time resting spent in this place.
 E = Time spent auto-exploring this place.
 F = Levels seen in this place.
 G = Mean time per level.
                   A        B        C        D        E       F      G
               +--------+--------+--------+--------+--------+-----+--------+
         Total |   1865 |   1762 |    103 |   1513 |      1 |   1 | 1865.0 |
       Dungeon |   1865 |   1762 |    103 |   1513 |      1 |   1 | 1865.0 |
               +--------+--------+--------+--------+--------+-----+--------+

Top non-repeatable levels by time:
       D: 1865 daAuts
